 Dungeon Crawl Stone Soup version 0.31-a0-149-g3fdcc5976a (webtiles) character file.

Game seed: 12023444925039217532

40 porpoise the Chopper (level 3, -4/33 HPs)
             Began as a Hill Orc Fighter on June 8, 2023.
             Slain by a goblin
             ... wielding a +0 club
             ... led by Robin
              (5 damage)
             ... on level 2 of the Dungeon.
             The game lasted 00:03:29 (1045 turns).

porpoise the Chopper (Hill Orc Fighter)             Turns: 1045, Time: 00:03:30

Health: -4/33      AC:  6    Str: 20    XL:     3   Next: 50%
Magic:  3/3        EV:  9    Int:  8    God:
Gold:   55         SH:  4    Dex: 10    Spells: 2/2 levels left

rFire   . . .        a - +0 war axe
rCold   + . .        c - +0 buckler
rNeg    . . .        b - +0 scale mail
rPois   .            (no helmet)
rElec   .            (no cloak)
rCorr   .            (no gloves)
SInv    .            (no boots)
Will    .....        (no amulet) Stlth
                     k - ring of protection from cold
HPRegen 0.25/turn    (no ring)
MPRegen 0.08/turn

%: no passive effects
@: slowed, very slow
A: no striking features
a: no special abilities


You were on level 2 of the Dungeon.
You visited 1 branch of the dungeon, and saw 2 of its levels.

You collected 55 gold pieces.

Inventory:

Hand Weapons
 a - a +0 war axe (weapon)
Armour
 b - a +0 scale mail (worn)
 c - a +0 buckler (worn)
Jewellery
 k - a ring of protection from cold (left hand)
Scrolls
 e - a scroll of identify
 g - a scroll of enchant armour {unknown}
 h - a scroll of magic mapping {unknown}
 l - a scroll of vulnerability {unknown}
Potions
 d - a potion of might
 i - a potion of curing {unknown}
 j - a potion of berserk rage


   Skills:
 + Level 4.2 Fighting
 * Level 4.4 Axes
 - Level 3.2 Armour
 - Level 3.2 Shields


You had 2 spell levels left.
You didn't know any spells.
Your spell library was empty.

Dungeon Overview and Level Annotations

Branches:
Dungeon (2/15)

Altars:

Annotations:
D:2 Natasha, Robin


Message History

You closely miss Robin. You barely miss the goblin. You miss the goblin.
Robin throws the goblin at you!
A goblin comes into view.
It is wielding a +2 dagger of electrocution.
The goblin hits you but does no damage. x2; The goblin closely misses you.
Natasha claws you. The goblin hits you with a +0 dagger.
* * * LOW HITPOINT WARNING * * *
The goblin hits you with a +0 club.
* * * LOW HITPOINT WARNING * * *
A goblin comes into view. It is wielding a +2 dagger of venom.
You block the goblin's attack.
The cerulean imp hits you but does no damage.
Natasha stares at you and mumbles some strange words.
The magic dart hits you!
* * * LOW HITPOINT WARNING * * *
It was a potion of heal wounds.
You feel much better.
The goblin shouts!
The goblin no longer looks unusually strong. x2
Robin roars a battlecry!
The goblins go into a battle-frenzy!
The goblin hits you with a +0 club. The goblin hits you with a +0 dagger.
The goblin hits you with a +0 club.
The cerulean imp hits you but does no damage.
Natasha casts a spell at you. The magic dart hits you!
The goblin hits you with a +0 club.
* * * LOW HITPOINT WARNING * * *
You block the goblin's attack. The goblin misses you.
You block the goblin's attack.
As you read the scroll labelled LEXAYNWYUS, it crumbles to dust.
It is a scroll of identify.
j - a potion of berserk rage The cerulean imp hits you but does no damage.
Natasha stares at you and mumbles some strange words.
You feel as though you will be slow longer.
A hobgoblin comes into view.
The goblin hits you with a +0 dagger.
* * * LOW HITPOINT WARNING * * *
The goblin hits you with a +0 dagger.
* * * LOW HITPOINT WARNING * * *
The goblin hits you with a +0 club.
You die...

.....# .... .##.....##.#g
#.##......... #.# .....#.#
######### #.##. ..g#.#
#.......# #>##.#
#g..####.......## #.##.#
##g5##............
#####.##.###hg.)†.##<......##
##.....#....g@gg............##
##...........gg#)..............
#...............##...#.......##
#..................###.......#
#...............#### #.......#
#...............# #########
#...............#
##.............##
##.....#.....##


You could see Robin, Natasha, a cerulean imp (summoned), 2 hobgoblins and 7
goblins.

Vanquished Creatures
  An adder (D:2)
  3 dart slugs (D:1)
  3 endoplasms (D:1)
  A giant cockroach (D:1)
  3 goblins
  3 hobgoblins
  A quokka (D:1)
  3 ball pythons (D:1)
  3 bats (D:1)
  A frilled lizard (D:1)
  A rat (D:1)
23 creatures vanquished.

Notes
Turn   | Place    | Note
-------+----------+-------------------------------------------
     0 | D:1      | porpoise the Hill Orc Fighter began the quest for the Orb.
     0 | D:1      | Reached XP level 1. HP: 19/19 MP: 1/1
   282 | D:1      | Reached XP level 2. HP: 27/27 MP: 2/2
   422 | D:1      | Reached XP level 3. HP: 33/33 MP: 3/3
   687 | D:1      | You fall into a shaft and drop 1 floor!
  1030 | D:2      | Noticed Natasha
  1031 | D:2      | Noticed Robin
  1043 | D:2      | HP: 1/33 [Natasha/magic dart (7)]
  1045 | D:2      | Slain by a goblin

Illustrated notes

Levels and vault maps discovered:
D:1:      dpeg_arrival_chambers_temple_mockup, layout_basic
D:2:      layout_rooms, basic_altar, uniq_natasha, uniq_robin, uniq_jessica

Skill      XL: |  1  2 |
---------------+-------+-----
Axes           | 3 4 |  4.4
Fighting       | 4 |  4.2
Armour         | |  3.2
Shields        | |  3.2

Action                     || total
---------------------------++-------
  Melee: War axe           ||    99
    Use: Scroll            ||     1
         Potion            ||     1
 Armour: Scale mail        ||    50
  Dodge: Dodged            ||    59
  Block: Buckler           ||    25

Table legend: (Time is in decaauts)
 A = Elapsed time spent in this place.
 B = Non-inter-level travel time spent in this place.
 C = Inter-level travel time spent in this place.
 D = Time resting spent in this place.
 E = Time spent auto-exploring this place.
 F = Levels seen in this place.
 G = Mean time per level.
                   A        B        C        D        E       F      G
               +--------+--------+--------+--------+--------+-----+--------+
         Total |   1082 |   1052 |     30 |     33 |    758 |   2 |  541.0 |
       Dungeon |   1082 |   1052 |     30 |     33 |    758 |   2 |  541.0 |
               +--------+--------+--------+--------+--------+-----+--------+

Top non-repeatable levels by time:
     D:1: 948 daAuts
     D:2: 133 daAuts
